 Dungeon Crawl Stone Soup version 0.26-a0-393-g67388ea477 (webtiles) character file.

Game seed: 10831630087862431439

1059 Morbidden the Chucker (level 8, 60/60 HPs)
             Began as a Demonspawn Brigand on July 22, 2020.
             Was an Initiate of Fedhas.
             Quit the game on level 6 of the Dungeon.
             The game lasted 00:18:56 (7730 turns).

Morbidden the Chucker (Demonspawn Brigand)          Turns: 7730, Time: 00:18:56

Health: 60/60      AC: 13    Str: 13    XL:     8   Next: 6%
Magic:  9/9        EV: 14    Int: 12    God:    Fedhas [......]
Gold:   205        SH:  4    Dex: 16    Spells: 7/7 levels left

rFire    . . .     SeeInvis .   h - -3 dagger (curse)
rCold    . . .     Faith    .   (no shield)
rNeg     . . .     Spirit   .   C - +1 robe {Archmagi}
rPois    .         Reflect  .   A - +2 hat
rElec    .         Harm     .   c - +0 cloak
rCorr    .                      z - +2 pair of gloves
MR       .....                  (no boots)
Stlth    +++.......             (no amulet)
HPRegen  0.20/turn              l - +4 ring of protection
MPRegen  0.11/turn              o - ring of flight

@: no status effects
A: antennae 1, large bone plates 1, rot immunity
a: Renounce Religion, Evoke Flight


You were on level 6 of the Dungeon.
You worshipped Fedhas.
Fedhas was noncommittal.
You visited 2 branches of the dungeon, and saw 7 of its levels.

You collected 205 gold pieces.

Inventory:

Hand Weapons
 a - a +3 dagger
 h - a cursed -3 dagger (weapon)
Missiles
 e - 2 poisoned darts (quivered)
 i - 197 stones
 n - 2 curare-tipped darts
Armour
 c - a +0 cloak (worn)
 z - a +2 pair of gloves (worn)
 A - a +2 hat (worn)
 C - a +1 robe of the Archmagi (worn)
Jewellery
 l - a +4 ring of protection (left hand)
 o - a ring of flight (right hand)
 r - a +4 ring of slaying {unknown}
Wands
 d - a wand of polymorph (9)
 t - a wand of paralysis (9)
 y - a wand of random effects (9)
Scrolls
 q - a scroll of fog
 s - a scroll of amnesia
 u - a scroll of magic mapping
 v - a scroll of teleportation
 w - 3 scrolls of identify
Potions
 f - a potion of might {unknown}
 g - a potion of lignification {unknown}
 j - a potion of resistance {unknown}
 k - 2 potions of stabbing {unknown}
 m - 2 potions of heal wounds {unknown}
 p - 4 potions of curing
 x - a potion of berserk rage {unknown}
 B - a potion of brilliance {unknown}


   Skills:
 * Level 4.1 Fighting
 + Level 3.1 Short Blades
 + Level 5.5 Throwing
 + Level 3.7 Dodging
 + Level 4.8 Stealth
 * Level 2.2 Invocations
 + Level 0.7 Evocations


You had 7 spell levels left.
You didn't know any spells.
Your spell library contained the following spells:

 Spells                   Type           Power        Failure   Level
 Confusing Touch          Hex            #.......     69%         3
 Gell's Gravitas          Tloc           #.........   69%         3
 Petrify                  Tmut/Erth      #.......     97%         4
 Metabolic Englaciation   Hex/Ice        #.........   100%        5
 Yara's Violent Unravell  Hex/Tmut       #.........   100%        5


Dungeon Overview and Level Annotations

Branches:
Dungeon (6/15)             Temple (1/1) D:4

Altars:
Ashenzari
Cheibriados
Dithmenos
Elyvilon
Fedhas
Gozag
Hepliaklqana
Kikubaaqudgha
Makhleb
Nemelex Xobeh
Okawaru
Qazlal
Ru
Sif Muna
Trog
Uskayaw
Vehumet
Wu Jian
Xom
Yredelemnul
Zin
The Shining One

Annotations:
D:5 1 runed translucent door, Crazy Yiuf


Innate Abilities, Weirdness & Mutations

You have a pair of small antennae on your head.
You are partially covered in large bone plates. (SH +4)
You are immune to rotting.


Message History

Throwing (i - inventory. (/) - cycle)
e - 3 poisoned darts (quivered)
Press: ? - help, Shift-Dir - straight line, f/p - sky beast
Aim: a sky beast (almost dead, very poisoned)
You throw a poisoned dart. The poisoned dart misses the sky beast.
You hit the sky beast but do no damage.
The sky beast is almost dead.
You kill the sky beast!
Fedhas accepts your kill.
Your Invocations skill increases to level 2!
You have reached level 8!
You feel agile.
Your demonic ancestry asserts itself...
A pair of antennae grows on your head!
Unknown command.
Quiver which item? (- for none, * to show all) (? for menu, Esc to quit)
Okay, then.
Quiver which item? (- for none, * to show all) (? for menu, Esc to quit)
Okay, then.
Quiver which item? (- for none, * to show all) (? for menu, Esc to quit)
Okay, then.
Are you sure you want to abandon this character and quit the game? (Confirm with "yes".)

>.....(≈#+#≈.
.....Y≈≈.≈≈.
.....# .#.## ##
#....# ...+ .###
#(#######..###....
#......Y...#..<#
####.#####..<..#.#
###.#####........
#....@.....(#.#.#
###.#.##.#..# ..
##'#.##.##.## .#
#.......##..#
#..[.######.##
#....# #..#
#...### ###.##
#.....# #....#
#..<..# #....#


There were no monsters in sight!

Vanquished Creatures
  Grinder (D:4)
  Duvessa (D:4)
  A sky beast (D:6)
  A centaur (D:5)
  Dowan (D:4)
  A hound (D:4)
  A centaur skeleton (D:5)
  Natasha (thrice) (D:2)
  8 worker ants
  A hound skeleton (D:5)
  5 gnolls
  5 adders
  A white imp (D:5)
  A worm (D:4)
  A dart slug (D:1)
  4 leopard geckos
  12 orcs
  A ball python (D:5)
  7 bats
  5 giant cockroaches
  7 goblins
  12 hobgoblins
  15 jackals
  A quokka (D:5)
  8 kobolds
  6 rats
110 creatures vanquished.

Vanquished Creatures (others)
  A hobgoblin (D:3)
  A jackal (D:3)
2 creatures vanquished.

Grand Total: 112 creatures vanquished

Notes
Turn   | Place    | Note
-------+----------+-------------------------------------------
     0 | D:1      | Morbidden the Demonspawn Brigand began the quest for the
                  | Orb.
     0 | D:1      | Reached XP level 1. HP: 16/16 MP: 1/1
   393 | D:1      | Gained mutation: You are partially covered in large bone
                  | plates. (SH +4) [demonic ancestry]
   393 | D:1      | Reached XP level 2. HP: 20/22 MP: 2/2
   460 | D:1      | Reached skill level 1 in Dodging
   899 | D:1      | Reached skill level 2 in Throwing
   967 | D:1      | Reached XP level 3. HP: 6/27 MP: 3/3
  2378 | D:2      | Reached XP level 4. HP: 32/33 MP: 4/4
  2501 | D:2      | Noticed Natasha
  2513 | D:2      | Killed Natasha
  2542 | D:2      | Noticed Natasha
  2553 | D:2      | Killed Natasha
  2553 | D:2      | Reached skill level 3 in Throwing
  2943 | D:2      | Reached XP level 5. HP: 39/39 MP: 5/5
  2988 | D:2      | Noticed Natasha
  3000 | D:2      | Killed Natasha
  4248 | D:3      | Found a snail-covered altar of Cheibriados.
  4463 | D:3      | Reached XP level 6. HP: 39/47 MP: 6/6
  4523 | D:3      | Found a white marble altar of Elyvilon.
  4798 | D:4      | Noticed Dowan
  4800 | D:4      | Noticed Duvessa
  4817 | D:4      | Killed Dowan
  4817 | D:4      | Reached skill level 4 in Throwing
  4842 | D:4      | Killed Duvessa
  5363 | D:4      | Noticed Grinder
  5394 | D:4      | Killed Grinder
  5394 | D:4      | Reached skill level 5 in Throwing
  5394 | D:4      | Gained mutation: You are immune to rotting. [demonic
                  | ancestry]
  5394 | D:4      | Reached XP level 7. HP: 53/53 MP: 7/7
  5451 | D:4      | Found a staircase to the Ecumenical Temple.
  5527 | Temple   | Entered the Ecumenical Temple
  5568 | Temple   | Became a worshipper of Fedhas Madash
  5869 | D:5      | Entered Level 5 of the Dungeon
  6541 | D:5      | Reached skill level 1 in Invocations
  6997 | D:5      | Found a runed translucent door.
  6998 | D:5      | Noticed Crazy Yiuf
  7472 | D:6      | Identified the cursed +1 plate armour of the Maze {rC+
                  | rN++} (You found it on level 6 of the Dungeon)
  7729 | D:6      | Gained mutation: You have a pair of small antennae on your
                  | head. [demonic ancestry]
  7729 | D:6      | Reached XP level 8. HP: 60/60 MP: 9/9
  7730 | D:6      | Quit the game

Illustrated notes

Levels and vault maps discovered:
D:1:      dpeg_arrival_morbid_curiosity, layout_loops_corners
D:2:      layout_loops_ring, minmay_split_cup_large, uniq_natasha
D:3:      layout_rooms, lemuel_doored_altar, elyvilon_altar_4
D:4:      layout_basic, minmay_temple_entry_fiery,
          minmay_misc_feat_secret_circle,
          hangedman_abyss_or_decor_jellyfish_corner, uniq_grinder, uniq_duvessa
D:5:      layout_cave_pods, uniq_crazy_yiuf_cottage
D:6:      black_bear_nest_2, layout_basic, serial_shops, kennysheep_mini_moat,
          kennysheep_mini, shop, shop
Temple:   regret_index_temple_sigil_plot

Skill      XL: |  1  2  3  4  5  6  7 |
---------------+----------------------+-----
Stealth        | 4 |  4.8
Dodging        | 1 2 3 |  3.7
Throwing       | 2 3 5 |  5.5
Short Blades   | 2 3 |  3.1
Fighting       | 3 4 |  4.1
Invocations    | 2 |  2.2
Evocations     | |  0.7

Action                   |  1- 3 |  4- 6 |  7- 9 || total
-------------------------+-------+-------+-------++-------
Melee: Dagger            |   174 |   374 |   134 ||   682
Throw: Dart              |    49 |    58 |    67 ||   174
       Stone             |    50 |   129 |    16 ||   195
Evoke: Wand              |       |     8 |     1 ||     9
  Use: Scroll            |     3 |     2 |     3 ||     8
       Potion            |       |     1 |       ||     1
 Stab: Sleeping          |     2 |       |       ||     2
       Paralysed         |       |     6 |       ||     6
Armor: Robe              |    61 |    95 |    40 ||   196
Dodge: Dodged            |   148 |   248 |    73 ||   469
Block: Other             |    38 |    53 |    22 ||   113

Table legend: (Time is in decaauts)
 A = Elapsed time spent in this place.
 B = Non-inter-level travel time spent in this place.
 C = Inter-level travel time spent in this place.
 D = Time resting spent in this place.
 E = Time spent auto-exploring this place.
 F = Levels seen in this place.
 G = Mean time per level.
                   A        B        C        D        E       F      G
               +--------+--------+--------+--------+--------+-----+--------+
         Total |   7599 |   7354 |    245 |    417 |   5464 |   7 | 1085.6 |
       Dungeon |   7309 |   7068 |    241 |    417 |   5186 |   6 | 1218.2 |
        Temple |    289 |    285 |      4 |      0 |    278 |   1 |  289.0 |
               +--------+--------+--------+--------+--------+-----+--------+

Top non-repeatable levels by time:
     D:1: 2059 daAuts
     D:5: 1549 daAuts
     D:2: 1547 daAuts
     D:3: 1032 daAuts
     D:4: 848 daAuts
  Temple: 289 daAuts
     D:6: 273 daAuts
